 Dungeon Crawl Stone Soup version 0.23.2-1-ga50397a (webtiles) character file.

Game seed: 7617362569762378690

1570 goulibeur the Skirmisher (level 8, -2/73 HPs)
             Began as a Black Draconian Berserker on May 20, 2019.
             Was an Elder of Trog.
             Slain by a gnoll sergeant
             ... wielding a +0 spear
              (9 damage)
             ... on level 6 of the Dungeon.
             The game lasted 00:22:27 (4820 turns).

goulibeur the Skirmisher (DrBe)                     Turns: 4820, Time: 00:22:28

Health: -2/73      AC:  6    Str: 19    XL:     8   Next: 59%
Magic:  8/8        EV: 14    Int:  7    God:    Trog [****..]
Gold:   351        SH: 12    Dex: 14    Spells: 7/7 levels left

rFire    . . .     SeeInvis .   u - +4 morningstar
rCold    . . .     Gourm    .   c - +2 buckler
rNeg     . . .     Faith    .   (armour unavailable)
rPois    .         Spirit   .   (helmet restricted)
rElec    +         Reflect  +   (no cloak)
rCorr    .         Harm     .   (no gloves)
MR       .....                  (no boots)
Stlth    +.........             k - +5 amulet of reflection
HPRegen  0.22/turn              (no ring)
MPRegen  0.11/turn              (no ring)

@: berserk cooldown
A: breathe lightning, unfitting armour, electricity resistance, cold-blooded, AC
+6
a: Breathe Lightning, Berserk, Trog's Hand, Brothers in Arms, Renounce Religion


You were on level 6 of the Dungeon.
You worshipped Trog.
Trog was greatly pleased with you.
You were not hungry.

You visited 1 branch of the dungeon, and saw 6 of its levels.

You collected 351 gold pieces.

Inventory:

Hand Weapons
 a - a +0 mace
 u - a +4 morningstar (weapon)
Missiles
 o - 3 javelins (quivered)
 s - 4 tomahawks
Armour
 c - a +2 buckler (worn)
 w - a +2 large shield
Magical Staves
 C - an uncursed staff of wizardry {unknown}
Jewellery
 k - a +5 amulet of reflection (around neck)
Wands
 m - a wand of flame (14)
Scrolls
 d - a scroll of fog
 e - 3 scrolls of remove curse
 f - a scroll of enchant armour {unknown}
 g - 4 scrolls of immolation
 h - 5 scrolls of teleportation
 j - 3 scrolls of amnesia
 n - a scroll of noise
 v - a scroll of blinking
 y - a scroll of identify
 z - a scroll of torment {unknown}
 A - a scroll of magic mapping
Potions
 l - a potion of haste {unknown}
 p - a potion of invisibility {unknown}
 q - 2 potions of lignification
 r - a potion of mutation {unknown}
 t - a potion of curing {unknown}
 B - a potion of might {unknown}
Comestibles
 b - 10 rations


   Skills:
 * Level 7.0 Fighting
 * Level 6.4 Maces & Flails
 + Level 3.8 Throwing
 + Level 4.8 Dodging
 + Level 3.3 Shields


You had 7 spell levels left.
You didn't know any spells.
Your spell library was empty.

Dungeon Overview and Level Annotations

Branches:
Dungeon (6/15)
 Temple: D:4-7

Altars:
Elyvilon
The Shining One


Innate Abilities, Weirdness & Mutations

You can breathe wild blasts of lightning.
Your glossy black scales are hard. (AC +6)
You cannot fit into any form of body armour.
You are resistant to electric shocks. (rElec)
You are cold-blooded and may be slowed by cold attacks.


Message History

There is an open door here.
Things that are here:
a +0 club; a +0 whip; a hobgoblin corpse The gnoll sergeant closely misses you.
The gnoll sergeant hits you from afar with a +0 spear.
* * * LOW HITPOINT WARNING * * *
You feel yourself speed up.
There is an open gate here.
Throwing (i - inventory. (/) - cycle)
o - 4 javelins (quivered)
Press: ? - help, Shift-Dir - straight line, f - gnoll sergeant
Aim: a gnoll sergeant, wielding a +0 spear, wearing a +0 scale mail and wearing a +0 shield (almost dead)
You throw a javelin.
The javelin barely misses the gnoll sergeant.
The javelin hits the hobgoblin.
You kill the hobgoblin!
Trog accepts your kill. The gnoll sergeant barely misses you.
You block the gnoll sergeant's attack.
You closely miss the gnoll. The gnoll misses you.
The gnoll sergeant hits you from afar with a +0 spear!
You die...

..#####.###.##
..#####.....###########
..##...........##.....
#.##.###.#..#........ ###
#(##.###.#.[#..#...## ....
....................###..##
##.....#.#..#..................
#.....#..............P.P.....
##..........P.P.@...P♣P♣P..P.
............P♣P.g...PP♣PP..P
..........P♣PPP♣g...♣♣♣♣P..♣
.<##......PPPPP#'''############
.........♣P♣♣♣P#(..#.......(.(#
..####..PP♣#####.>.#..........#
### #..♣P♣#...#...#.......[.(#
#..PP♣#..(#..(#....)))..[# .
#..♣PP#...#)########)'####g$


You could see a gnoll sergeant and a gnoll.

Vanquished Creatures
  A sky beast (D:5)
  2 necrophages
  2 ogres
  A big kobold (D:6)
  3 gnoll sergeants (D:6)
  2 crimson imps
  A centaur skeleton (D:4)
  3 orc wizards
  2 orc priests
  3 hounds (D:6)
  A bullfrog skeleton (D:4)
  2 gnoll shamans (D:6)
  Jessica (D:2)
  2 iguanas (D:4)
  4 worker ants
  A hound skeleton (D:4)
  13 gnolls
  5 adders
  A worm (D:3)
  A dart slug (D:2)
  7 leopard geckos
  13 orcs
  4 giant cockroaches
  5 goblins
  10 hobgoblins
  6 jackals (D:2)
  A quokka (D:3)
  A ball python (D:2)
  12 bats
  6 frilled lizards
  10 kobolds
  4 rats
130 creatures vanquished.

Vanquished Creatures (others)
  An orc (D:3)
  A quokka (D:3)
2 creatures vanquished.

Grand Total: 132 creatures vanquished

Notes
Turn   | Place    | Note
-------+----------+-------------------------------------------
     0 | D:1      | goulibeur the Draconian Berserker began the quest for the
                  | Orb.
     0 | D:1      | Reached XP level 1. HP: 19/19 MP: 1/1
   300 | D:1      | Reached XP level 2. HP: 23/26 MP: 2/2
   863 | D:2      | Reached skill level 1 in Throwing
   870 | D:2      | Reached XP level 3. HP: 28/33 MP: 3/3
   918 | D:2      | Noticed Jessica
   932 | D:2      | Killed Jessica
  1136 | D:2      | Reached ** piety under Trog
  1150 | D:2      | Found a faded altar of an unknown god.
  1164 | D:2      | Noticed an ogre
  1176 | D:2      | Killed an ogre
  1176 | D:2      | Reached skill level 4 in Fighting
  1176 | D:2      | Reached XP level 4. HP: 40/40 MP: 4/4
  1176 | D:2      | Reached XP level 5. HP: 46/46 MP: 5/5
  2154 | D:3      | Found a white marble altar of Elyvilon.
  2337 | D:3      | Reached *** piety under Trog
  2396 | D:4      | Noticed a necrophage
  2409 | D:4      | Killed a necrophage
  2409 | D:4      | Reached skill level 1 in Shields
  2409 | D:4      | Reached XP level 6. HP: 36/54 MP: 6/6
  2585 | D:4      | Reached skill level 5 in Fighting
  2701 | D:4      | Your scales start taking on a glossy black colour.
  2701 | D:4      | Reached XP level 7. HP: 38/60 MP: 7/7
  2701 | D:4      | Gained mutation: You are resistant to electric shocks.
                  | (rElec) [Black Draconian growth]
  3256 | D:5      | Entered Level 5 of the Dungeon
  3275 | D:5      | Reached skill level 5 in Maces & Flails
  3790 | D:5      | Reached skill level 6 in Fighting
  4040 | D:5      | Found a glowing golden altar of the Shining One.
  4191 | D:6      | Reached XP level 8. HP: 68/68 MP: 8/8
  4792 | D:6      | Reached **** piety under Trog
  4793 | D:6      | Reached skill level 7 in Fighting
  4820 | D:6      | Slain by a gnoll sergeant

Skill      XL: |  1  2  3  4  5  6  7  8 |
---------------+-------------------------+-----
Dodging        | 3 4 |  4.8
Throwing       | 1 2 3 |  3.8
Fighting       | 4 5 6 7 |  7.0
Maces & Flails | 4 5 6 |  6.4
Shields        | 1 2 3 |  3.3

Action                   |  1- 3 |  4- 6 |  7- 9 || total
-------------------------+-------+-------+-------++-------
Melee: Mace              |    90 |   118 |       ||   208
       Tailslap          |     7 |    17 |    24 ||    48
       Morningstar       |       |     5 |   154 ||   159
Throw: Javelin           |       |     9 |     2 ||    11
Invok: Berserk           |     2 |     2 |     5 ||     9
       Trog's Hand       |       |       |     1 ||     1
  Use: Scroll            |       |       |    11 ||    11
       Potion            |       |       |     4 ||     4
 Stab: Sleeping          |       |     1 |       ||     1
  Eat: Chunk             |     2 |     7 |     6 ||    15
       Ration            |       |       |     2 ||     2
Armor: Skin              |    28 |    37 |    82 ||   147
Dodge: Dodged            |    71 |    82 |   106 ||   259
Block: Buckler           |       |    14 |   140 ||   154
       Reflection        |       |       |     2 ||     2
